 Dungeon Crawl Stone Soup version 0.25-a0-460-g4f2eb97ec1 (webtiles) character file.

Game seed: 17240290212238761176, levelgen mode: deterministic

131 ReteAZ the Magician (level 5, 0/37 HPs)
             Began as a Gnoll Wanderer on Feb 3, 2020.
             Slain by an orc wizard
             ... wielding a +1 dagger of flaming
              (4 damage)
             ... on level 4 of the Dungeon.
             The game lasted 00:04:34 (5372 turns).

ReteAZ the Magician (Gnoll Wanderer)                Turns: 5372, Time: 00:04:35

Health: 0/37       AC: 14    Str: 13    XL:     5   Next: 14%
Magic:  14/14      EV:  9    Int: 16    God:
Gold:   189        SH:  0    Dex: 15    Spells: 17/18 levels left

rFire    . . .     SeeInvis .   v - +0 mace (protect)
rCold    + . .     Gourm    .   (no shield)
rNeg     . . .     Faith    .   o - +0 scale mail
rPois    .         Spirit   .   (no helmet)
rElec    .         Reflect  .   w - +0 cloak
rCorr    .         Harm     .   (no gloves)
MR       .....                  (no boots)
Stlth    +.........             (no amulet)
HPRegen  0.12/turn              l - ring of protection from cold
MPRegen  0.14/turn              y - ring of wizardry

@: protection aura
A: distributed training, fangs 1, strong nose
a: no special abilities


You were on level 4 of the Dungeon.
You were not hungry.

You visited 1 branch of the dungeon, and saw 4 of its levels.

You collected 189 gold pieces.

Inventory:

Hand Weapons
 a - a +0 dagger
 v - a +0 mace of protection (weapon)
Missiles
 i - 148 stones
 m - 43 poisoned darts (quivered)
Armour
 d - a +0 robe
 o - a +0 scale mail (worn)
 w - a +0 cloak (worn)
Jewellery
 l - a ring of protection from cold (left hand)
 y - a ring of wizardry (right hand)
Wands
 c - a wand of random effects (15)
 u - a wand of digging (1)
Scrolls
 b - 2 scrolls of fear {unknown}
 e - 6 scrolls of identify {unknown}
 h - 3 scrolls of magic mapping {unknown}
 j - 2 scrolls of noise {unknown}
 n - a scroll of enchant weapon {unknown}
 p - 5 scrolls of remove curse {unknown}
 q - a scroll of amnesia {unknown}
 s - a scroll of blinking {unknown}
 z - a scroll of enchant armour {unknown}
 C - a scroll of fog {unknown}
Potions
 g - 2 potions of curing
 k - a potion of berserk rage {unknown}
 r - a potion of flight {unknown}
 t - 2 potions of invisibility {unknown}
 A - a potion of agility {unknown}
 B - a potion of resistance {unknown}
Comestibles
 f - 10 rations


   Skills:
 + Level 1.3 Fighting
 + Level 1.3 Short Blades
 + Level 1.3 Long Blades
 + Level 1.3 Axes
 + Level 4.7 Maces & Flails
 + Level 1.3 Polearms
 + Level 1.3 Staves
 + Level 1.3 Slings
 + Level 1.3 Bows
 + Level 1.3 Crossbows
 + Level 1.3 Throwing
 + Level 2.9 Armour
 + Level 1.3 Dodging
 + Level 2.7 Stealth
 + Level 1.3 Shields
 + Level 1.3 Unarmed Combat
 + Level 7.2 Spellcasting
 + Level 1.1 Conjurations
 + Level 1.1 Hexes
 + Level 1.1 Charms
 + Level 3.9 Summonings
 + Level 1.1 Necromancy
 + Level 1.1 Translocations
 + Level 1.1 Transmutations
 + Level 1.1 Fire Magic
 + Level 1.1 Ice Magic
 + Level 1.1 Air Magic
 + Level 1.1 Earth Magic
 + Level 1.1 Poison Magic
 + Level 1.5 Invocations
 + Level 2.9 Evocations


You had 17 spell levels left.
You knew the following spells:

 Your Spells              Type           Power        Failure   Level  Hunger
a - Summon Small Mammal   Summ           ###.         4%          1    None

Your spell library contained the following spells:

 Spells                   Type           Power        Failure   Level  Hunger
 Call Imp                 Summ           ###.....     6%          2    None
 Call Canine Familiar     Summ           ###.....     13%         3    ##.....
 Blink                    Tloc           N/A          21%         2    None
 Shroud of Golubria       Chrm/Tloc      #.....       21%         2    None
 Summon Guardian Golem    Hex/Summ       ##......     22%         3    ##.....
 Summon Ice Beast         Ice/Summ       ##......     56%         4    ####...
 Summon Lightning Spire   Summ/Air       ##......     56%         4    ####...


Dungeon Overview and Level Annotations

Branches:
Dungeon (4/15)
 Temple: D:4-7

Altars:
Hepliaklqana


Innate Abilities, Weirdness & Mutations

Your experience applies equally to all skills.
You have very sharp teeth.
Your uncanny sense of smell can sniff out nearby items.


Message History

The orc wizard is severely wounded.
Something hits you.
* * * LOW HITPOINT WARNING * * *
The orc wizard closely misses you.
You hit the orc wizard but do no damage.
The orc wizard is severely wounded.
You hear some strange, mumbled words.
A puff of flame appears from out of thin air!
The puff of flame hits you!
* * * LOW HITPOINT WARNING * * *
The orc wizard hits you but does no damage.
Something hits you but does no damage.
You closely miss the orc wizard.
The orc wizard is severely wounded.
The orc wizard hits you but does no damage.
Something hits you but does no damage.
You closely miss the orc wizard.
The orc wizard is severely wounded.
The orc wizard hits you with a +1 dagger of flaming.
You die...

##..## #..## ###....####.#
##...# #..# ##......#.######
#....## #..# #.##..........#
..##..# #..# ##.######.######
.###..## #..# #.># #.#
.####..###..# ##.## #.#
..###...##..# #..# #.#
#....#..##.###############.#
#.........##..oo@..##......# #.
#.........#.8##{##8.#......###.#
##........# #.. ##.#..##...#..#
##........# #.8. #.##..#.....#
#.........# #..< #.##......#.##
..........# #.8. #.###....##..#
..........#.##.. ##.# ##......##
..##......#.8#####8.###.......#
#####....###.......###.......##


You could see an orc wizard and an orc.

Vanquished Creatures
  A worker ant (D:4)
  2 adders (D:4)
  An adder skeleton (D:4)
  A dart slug (D:1)
  3 worms (D:2)
  A leopard gecko (D:3)
  4 orcs
  3 giant cockroaches
  10 hobgoblins
  A jackal (D:1)
  A quokka (D:2)
  10 bats
  6 frilled lizards
  A giant cockroach zombie (D:4)
  3 goblins
  7 kobolds
  A quokka skeleton (D:4)
  9 rats
65 creatures vanquished.

Vanquished Creatures (collateral kills)
  An adder (D:2)
1 creature vanquished.

Grand Total: 66 creatures vanquished

Notes
Turn   | Place    | Note
-------+----------+-------------------------------------------
     0 | D:1      | ReteAZ the Gnoll Wanderer began the quest for the Orb.
     0 | D:1      | ReteAZ set off with the following items: a +0 dagger, a
                  | wand of random effects (15), a +0 robe, a ration; and the
                  | following spell memorised: Summon Small Mammal; and the
                  | following spells available to memorise: Call Imp, Call
                  | Canine Familiar, Summon Guardian Golem, Blink, Shroud of
                  | Golubria, Summon Ice Beast, Summon Lightning Spire
     0 | D:1      | Reached XP level 1. HP: 13/13 MP: 8/8
     2 | D:1      | Noticed a merfolk
     3 | D:1      | Noticed a ghoul
     5 | D:1      | Noticed a centaur
     5 | D:1      | Noticed a formicid
     7 | D:1      | Noticed a demonspawn
     9 | D:1      | Noticed a spriggan
     9 | D:1      | Noticed a gargoyle
    11 | D:1      | Noticed a vine stalker
    11 | D:1      | Noticed a draconian
    13 | D:1      | Noticed a felid
    13 | D:1      | Noticed an elf
    15 | D:1      | Noticed a tengu
    15 | D:1      | Noticed a halfling
    17 | D:1      | Noticed a troll
    19 | D:1      | Noticed a human
    19 | D:1      | Noticed a naga
    21 | D:1      | Noticed a demigod
    21 | D:1      | Noticed a vampire
    23 | D:1      | Noticed a minotaur
    25 | D:1      | Noticed an ogre
    27 | D:1      | Noticed a dwarf
    27 | D:1      | Noticed an octopode
   572 | D:1      | Reached XP level 2. HP: 17/19 MP: 10/10
  1361 | D:2      | Reached XP level 3. HP: 13/25 MP: 11/11
  2106 | D:2      | Reached skill level 1 in Invocations
  2547 | D:2      | Reached skill level 1 in Fighting
  2547 | D:2      | Reached skill level 1 in Short Blades
  2547 | D:2      | Reached skill level 1 in Long Blades
  2547 | D:2      | Reached skill level 1 in Axes
  2547 | D:2      | Reached skill level 1 in Polearms
  2547 | D:2      | Reached skill level 1 in Staves
  2547 | D:2      | Reached skill level 1 in Slings
  2547 | D:2      | Reached skill level 1 in Bows
  2547 | D:2      | Reached skill level 1 in Crossbows
  2547 | D:2      | Reached skill level 1 in Throwing
  2547 | D:2      | Reached skill level 1 in Dodging
  2547 | D:2      | Reached skill level 1 in Shields
  2547 | D:2      | Reached skill level 1 in Unarmed Combat
  2798 | D:3      | Found a hazy altar of Hepliaklqana.
  2826 | D:3      | Reached XP level 4. HP: 14/32 MP: 13/13
  3427 | D:3      | Noticed an orc warrior
  4707 | D:4      | Reached skill level 1 in Conjurations
  4707 | D:4      | Reached skill level 1 in Hexes
  4707 | D:4      | Reached skill level 1 in Charms
  4707 | D:4      | Reached skill level 1 in Necromancy
  4707 | D:4      | Reached skill level 1 in Translocations
  4707 | D:4      | Reached skill level 1 in Transmutations
  4707 | D:4      | Reached skill level 1 in Fire Magic
  4707 | D:4      | Reached skill level 1 in Ice Magic
  4707 | D:4      | Reached skill level 1 in Air Magic
  4707 | D:4      | Reached skill level 1 in Earth Magic
  4707 | D:4      | Reached skill level 1 in Poison Magic
  4904 | D:4      | Reached XP level 5. HP: 8/37 MP: 14/14
  5372 | D:4      | Slain by an orc wizard

Levels and vault maps discovered:
D:1:      kb_arrival_jail, layout_loops_ring, minmay_tall_x
D:2:      layout_basic
D:3:      layout_loops_cross, lemuel_round_altar
D:4:      layout_layer_cave, grunt_ministairs_11, chequers_serial_rivers_small_b

Skill      XL: |  1  2  3  4 |
---------------+-------------+-----
Invocations    | 1 |  1.5
Fighting       | 1 |  1.3
Short Blades   | 1 |  1.3
Long Blades    | 1 |  1.3
Axes           | 1 |  1.3
Polearms       | 1 |  1.3
Staves         | 1 |  1.3
Slings         | 1 |  1.3
Bows           | 1 |  1.3
Crossbows      | 1 |  1.3
Throwing       | 1 |  1.3
Dodging        | 1 |  1.3
Shields        | 1 |  1.3
Unarmed Combat | 1 |  1.3
Conjurations   | 1 |  1.1
Hexes          | 1 |  1.1
Charms         | 1 |  1.1
Necromancy     | 1 |  1.1
Translocations | 1 |  1.1
Transmutations | 1 |  1.1
Fire Magic     | 1 |  1.1
Ice Magic      | 1 |  1.1
Air Magic      | 1 |  1.1
Earth Magic    | 1 |  1.1
Poison Magic   | 1 |  1.1
Maces & Flails | |  4.7
Armour         | |  2.9
Stealth        | |  2.7
Spellcasting   | |  7.2
Summonings     | |  3.9
Evocations     | |  2.9

Action                   |  1- 3 |  4- 6 || total
-------------------------+-------+-------++-------
Melee: Dagger            |   142 |       ||   142
       Bite              |    16 |    11 ||    27
       Mace              |    33 |   132 ||   165
Throw: Dart              |    40 |     8 ||    48
 Cast: Summon Small Mamm |     2 |       ||     2
  Use: Potion            |       |     1 ||     1
 Stab: Distracted        |     1 |       ||     1
       Sleeping          |     1 |       ||     1
  Eat: Chunk             |     6 |     8 ||    14
Armor: Robe              |     5 |       ||     5
       Scale mail        |   100 |    70 ||   170
Dodge: Dodged            |   101 |    75 ||   176

Table legend:
 A = Non-vault XP
 B = Vault XP
 C = Vault XP percentage of total XP
 D = Non-vault monster count
 E = Vault monster count
 F = Vault count percentage of total count
                 A         B        C        D         E       F
            +---------+---------+-------+---------+---------+-------
      Total |     182 |       6 |   3.2 |      62 |       4 |   6.1
            +---------+---------+-------+---------+---------+-------
        D:1 |      13 |       6 |  31.6 |       8 |       4 |  33.3
        D:2 |      62 |       0 |   0.0 |      26 |       0 |   0.0
        D:3 |      27 |       0 |   0.0 |      16 |       0 |   0.0
        D:4 |      80 |       0 |   0.0 |      12 |       0 |   0.0
            +---------+---------+-------+---------+---------+-------
